Map: Tokamak LE

Players

GoOn

  • Race: Zerg Zerg
  • League: Diamond
  • Spawn Location: 1:00

ManlyManMeat - Winner!

  • Race: Zerg Zerg
  • League: Platinum
  • Spawn Location: 7:00

VOD

Have the link to the VOD?

Description

Time

  • Played on: June 21, 2025, 2:14 p.m.
  • Length: 8:50
Show
View Real Time Build Order
Export as new Build Order

GoOn Zerg 

Build Orders: Hatch First 

Get SALT Encoding   

  12  0:00  Drone  
  13  0:08  Drone  
  13  0:13  Extractor  
  13  0:15  Drone  
  15  0:21  Overlord  
  15  0:40  Drone x2  
  17  0:43  Drone  
  18  0:55  Hatchery  
  17  1:01  Extractor  
  17  1:02  Drone  
  17  1:06  Drone  
  18  1:19  Drone, Spawning Pool  
  18  1:27  Drone  
  19  1:37  Overlord  
  19  1:48  Drone  
  20  2:01  Drone  
  20  2:06  Queen  
  23  2:13  Metabolic Boost  
  23  2:15  Drone, Queen  
  24  2:16  Drone  
  27  2:25  Drone  
  27  2:26  Drone  
  29  2:31  Drone  
  29  2:32  Drone  
  31  2:41  Overlord  
  31  2:43  Drone  
  32  2:51  Drone, Queen  
  35  3:01  Zergling x4  
  37  3:09  Drone  
  38  3:13  Zergling x2  
  39  3:22  Overlord x2, Hatchery  
  36  3:37  Queen  
  36  3:40  Zergling x6, Queen  
  36  3:41  Zergling x6  
  42  3:50  Drone  
  43  3:58  Hatchery  
  42  4:05  Zergling x2  
  42  4:06  Zergling x4  
  45  4:10  Drone  
  45  4:13  Roach Warren  
  38  4:32  Zergling x10  
  43  4:39  Queen  
  43  4:41  Zergling x6, Evolution Chamber  
  43  4:42  Spine Crawler  
  46  4:50  Zergling x4  
  46  4:51  Zergling x12  
  52  5:09  Overlord x3  
  50  5:19  Zergling x12  
  50  5:20  Zergling x4  
  47  5:29  Zergling x6  
  50  5:38  Zergling x2  
  50  5:39  Zergling x10  
  55  5:52  Zergling x8  
  59  6:02  Zergling x8  
  63  6:09  Zergling x8  
  63  6:10  Overlord  
  63  6:11  Zergling x2  
  59  6:31  Zergling x12  
  59  6:32  Zergling x8  
  61  6:38  Drone x7  
  53  6:42  Drone x3  
  53  6:44  Queen  
  53  6:46  Drone  
  46  7:12  Zergling x10  
  46  7:13  Zergling x6, Drone x2  
  55  7:15  Zergling x2  
  51  7:35  Zergling x14  
  51  7:36  Zergling x4  
  49  7:37  Zergling x2  
  42  7:49  Drone x2  
  42  7:50  Drone  
  37  8:00  Zergling x2  
  37  8:01  Zergling x10  
Show
View Real Time Build Order
Export as new Build Order

ManlyManMeat Zerg - Winner!

Build Orders: Hatch First 

Get SALT Encoding   

  12  0:00  Drone  
  13  0:08  Drone  
  14  0:16  Drone, Extractor  
  15  0:21  Overlord  
  15  0:44  Drone  
  15  0:48  Hatchery  
  15  0:50  Drone  
  15  0:54  Drone  
  17  1:10  Spawning Pool  
  16  1:12  Extractor  
  16  1:15  Drone  
  16  1:26  Drone x2  
  18  1:35  Drone  
  19  1:44  Overlord  
  19  1:56  Queen  
  19  2:00  Queen  
  23  2:04  Zergling x2  
  23  2:07  Zergling x2  
  25  2:13  Metabolic Boost  
  25  2:17  Drone  
  25  2:21  Drone  
  27  2:25  Drone  
  28  2:39  Zergling x2  
  28  2:40  Zergling x2  
  28  2:41  Drone x2  
  32  2:47  Drone  
  32  2:48  Baneling Nest, Drone  
  33  2:54  Drone x2  
  35  3:09  Drone  
  35  3:12  Overlord  
  36  3:20  Hatchery  
  35  3:30  Overlord x2  
  34  3:37  Zergling x2  
  34  3:38  Zergling x6  
  36  3:42  Drone  
  38  3:49  Zergling x2  
  38  3:52  Zergling x2  
  38  4:03  Baneling x2  
  38  4:05  Zergling x2  
  38  4:06  Zergling x2  
  40  4:11  Baneling x3  
  40  4:16  Zergling x14  
  45  4:33  Zergling x6  
  45  4:36  Queen  
  45  4:37  Drone  
  51  4:46  Baneling  
  51  4:47  Baneling  
  47  5:14  Zergling x12  
  47  5:19  Zergling x22  
  53  5:29  Drone  
  54  5:43  Overlord x2  
  54  5:44  Roach Warren  
  54  5:46  Baneling  
  54  5:48  Baneling  
  54  5:49  Baneling  
  52  5:50  Baneling x2  
  52  5:56  Zergling x12  
  58  6:01  Baneling x9  
  55  6:30  Zergling x10  
  55  6:31  Zergling x18  
  65  6:34  Zergling x8  
  60  6:42  Roach x5  
  67  7:10  Zergling x24  
  67  7:13  Baneling x3  
  79  7:18  Zergling x6  
  70  7:46  Zergling x24  
  80  7:59  Zergling x4  
  80  8:00  Overlord x2  
  79  8:14  Zergling x4  
  79  8:15  Overlord x2  
Tags
 
Add a new tag
Caveats
  • Supply blocks, unpowered buildings, or Contaminate may cause inaccurate times.
  • Supply counts are checked every 10 seconds.